 Dungeon Crawl Stone Soup version 0.29-a0-732-g3d7fbe0af2 (webtiles) character file.

Game seed: 13349483263370255686

261 zeratav the Cutter (level 6, -1/30 HPs)
             Began as a Vine Stalker Gladiator on June 29, 2022.
             Slain by an ufetubus (4 damage)
             ... on level 4 of the Dungeon.
             The game lasted 00:03:15 (3409 turns).

zeratav the Cutter (Vine Stalker Gladiator)         Turns: 3409, Time: 00:03:16

Health: -1/30      AC:  4    Str: 17    XL:     6   Next: 18%
Magic:  0/7        EV: 12    Int:  8    God:
Gold:   188        SH:  0    Dex: 17    Spells: 5/5 levels left

rFire   . . .      SeeInvis .   h - +0 short sword {short}
rCold   . . .      Faith    .   (no shield)
rNeg    . . .      Spirit   +   b - +0 leather armour
rPois   .          Reflect  .   c - +0 helmet
rElec   .          Harm     .   (no cloak)
rCorr   .          Rampage  .   (no gloves)
Will    .....                   (no boots)
Stlth   +.........              (no amulet)
HPRegen 0.90/turn               (no ring)
MPRegen 0.10/turn               (no ring)

@: no status effects
A: fangs 2, regeneration 1, magic shield, antimagic bite, no potion heal 2
a: no special abilities


You were on level 4 of the Dungeon.
You visited 1 branch of the dungeon, and saw 4 of its levels.

You collected 188 gold pieces.


Innate Abilities, Weirdness & Mutations

You have extremely sharp teeth.
Your natural rate of healing is unusually fast.
When hurt, damage is shared between your health and your magic reserves.
Your bite disrupts and absorbs the magic of your enemies.
Potions cannot restore your health.


   Skills:
 - Level 1.7 Fighting
 + Level 6.1 Short Blades
 - Level 1.7 Throwing
 - Level 2.4 Dodging


You had 5 spell levels left.
You didn't know any spells.
Your spell library contained the following spells:

 Spells                   Type           Power      Damage    Failure   Level
 Blink                    Tloc           0%         N/A       63%         2
 Sublimation of Blood     Necr           0%         N/A       63%         2
 Wereblood                Tmut           0%         N/A       63%         2
 Ozocubu's Armour         Ice            0%         N/A       85%         3
 Manifold Assault         Tloc           0%         N/A       100%        5
 Ozocubu's Refrigeration  Ice            0%         4d5       100%        7
 Storm Form               Tmut/Air       0%         N/A       100%        7
 Summon Hydra             Summ           0%         N/A       100%        7

Inventory:

Hand Weapons
 a - a +0 rapier {short}
 h - a +0 short sword (weapon) {short}
   (You took it off a kobold on level 1 of the Dungeon)
 o - a +3 dagger of speed {short}
   (You found it on level 3 of the Dungeon)
Missiles
 d - 3 throwing nets (quivered) {=fthrowing}
 e - a javelin {throwing}
Armour
 b - a +0 leather armour (worn)
 c - a +0 helmet (worn)
Scrolls
 f - 3 scrolls of teleportation {unknown}
 i - 4 scrolls of identify {unknown}
 l - a scroll of noise {unknown}
 n - a scroll of poison {unknown}
 p - a scroll of acquirement {unknown}
Potions
 g - a potion of heal wounds {unknown}
 j - 4 potions of curing {unknown}
 k - 2 potions of haste {unknown}
 m - a potion of brilliance {unknown}
 q - a potion of cancellation {unknown}

Dungeon Overview and Level Annotations

Branches:
Dungeon (4/15) Zot: 20598
 Temple: D:4-7

Altars:
Hepliaklqana

.## ##.# ## #.# #
#.##### # #...<
#.....#
####.....#####.###
...#..... #...##
...#..... ###..#
.<.# ....## ####)#
...# #...# ##)5@.#
...# #.#.###.)####
...# #.#.....##
...####.#...###
...##.....#..#
##.#..#.####.# <#
#. #.# .. #. #.#
.# ## #.##


You could see an ufetubus.


Message History

You see here a +0 robe.
A gnoll comes into view. It is wielding a +0 whip.
The gnoll shouts!
You hear a shout!
A gnoll comes into view. It is wielding a +0 halberd.
A gnoll comes into view. It is wielding a +0 flail.
A gnoll comes into view. It is wielding a +0 whip.
The gnoll shouts!
The gnoll barely misses you.
You hit the gnoll but do no damage. The gnoll barely misses you.
You barely miss the gnoll. You bite the gnoll. You drain its power.
The gnoll hits you with a +0 whip.
HP[-2]
You take 2 damage, and now have 28/30 hp.
You hit the gnoll.
HP[+1]
You barely miss the gnoll. The gnoll hits you with a +0 whip.
HP[-3] MP[-1]
You take 3 damage, and now have 26/30 hp.
You lost 1 mp, and now have 6/7 mp.
You hit the gnoll.
You kill the gnoll!
The gnoll misses you.
HP[+1]
You hit the gnoll. The gnoll closely misses you.
HP[+1]
You hit the gnoll. You bite the gnoll. You drain its power.
You feel invigorated.
The gnoll hits you from afar with a +0 halberd!
The gnoll hits you with a +0 flail!
* * * LOW HITPOINT WARNING * * *
HP[-17] MP[-3]
You take 17 damage, and now have 11/30 hp.
MASSIVE DAMAGE!! (PAUSE)
You lost 3 mp, and now have 3/7 mp.
You barely miss the gnoll.
HP[+1]
You hit the gnoll.
You kill the gnoll!
The gnoll hits you from afar with a +0 halberd.
* * * LOW HITPOINT WARNING * * *
HP[-3] MP[-1]
You take 3 damage, and now have 9/30 hp.
You lost 1 mp, and now have 2/7 mp.
HP[+1] HP[+1] HP[+1] HP[+1] HP[+1] HP[+1] MP[+1] HP[+1]
An ufetubus comes into view.
The ufetubus shouts!
HP[+1] HP[+1] HP[+1] HP[+1]
Things that are here:
a +0 whip {mace}; a +0 leather armour; HP[+1]
You see here a +0 mace {mace}.
HP[+1] HP[+1] HP[+1] MP[+1]
The gnoll hits you with a +0 halberd!
HP[-6] MP[-2]
You take 6 damage, and now have 18/30 hp.
You lost 2 mp, and now have 2/7 mp.
You completely miss the gnoll. You bite the gnoll. You drain its power.
You feel invigorated. The gnoll hits you with a +0 halberd.
HP[-2] MP[+1]
You take 2 damage, and now have 16/30 hp.
You hit the gnoll but do no damage. The gnoll hits you with a +0 halberd!
* * * LOW HITPOINT WARNING * * *
HP[-5] MP[-1]
You take 5 damage, and now have 11/30 hp.
You lost 1 mp, and now have 2/7 mp.
You hit the gnoll. You punch the gnoll. Your bite misses the gnoll.
The gnoll hits you with a +0 halberd!
* * * LOW HITPOINT WARNING * * *
HP[-10] MP[-2]
You take 10 damage, and now have 1/30 hp.
MASSIVE DAMAGE!! (PAUSE)
You lost 2 mp, and now have 0/7 mp.
You hit the gnoll. You bite the gnoll.
You kill the gnoll!
You hear the slow hiss of a very distant avalanche of sand.
You hit the ufetubus but do no damage. Your bite misses the ufetubus.
The ufetubus hits you.
* * * LOW HITPOINT WARNING * * *
The ufetubus closely misses you.
You hit the ufetubus. Your bite misses the ufetubus.
The ufetubus hits you but does no damage.
The ufetubus completely misses you.
HP[+1]
You barely miss the ufetubus. The ufetubus barely misses you.
The ufetubus closely misses you.
HP[+1]
You hit the ufetubus but do no damage. Your bite misses the ufetubus.
The ufetubus closely misses you. The ufetubus completely misses you.
The ufetubus hits you.
You die...

Skill      XL: |  1  2  3  4  5  6 |
---------------+-------------------+-----
Short Blades   | 3 4 5 6 |  6.1
Fighting       | |  1.7
Throwing       | |  1.7
Dodging        | |  2.4

Action                   |  1- 3 |  4- 6 || total
-------------------------+-------+-------++-------
Melee: Rapier            |    32 |       ||    32
       Bite              |    20 |    40 ||    60
       Short sword       |    79 |   138 ||   217
       Punch             |       |     3 ||     3
 Stab: Sleeping          |     3 |     3 ||     6
Armor: Leather armour    |    29 |    27 ||    56
Dodge: Dodged            |    57 |    79 ||   136

Levels and vault maps discovered:
D:1:      mushboom_english_gardens, layout_basic,
          hellmonk_ecumenical_altar_slurped_away, chequers_mini_garden,
          kennysheep_pointless_box
D:2:      layout_loops_ring
D:3:      minmay_angry_zag, layout_loops_corners, lemuel_coloured_pillars_altar,
          saegor_snake_ambush
D:4:      layout_rooms, nicolae_ossuary_entry_plus

Notes
Turn   | Place    | Note
-------+----------+-------------------------------------------
     0 | D:1      | zeratav the Vine Stalker Gladiator began the quest for the
                  | Orb.
     0 | D:1      | Reached XP level 1. HP: 11/11 MP: 2/2
     0 | D:1      | magus.rc [v1.9.6]
   123 | D:1      | You add the spells Ozocubu's Armour and Ozocubu's
                  | Refrigeration to your library.
   220 | D:1      | Reached skill level 3 in Short Blades
   284 | D:1      | Reached XP level 2. HP: 15/15 MP: 3/3
   474 | D:1      | Found a faded altar of an unknown god.
   688 | D:1      | You fall into a shaft and drop 1 floor!
   698 | D:2      | Reached XP level 3. HP: 11/18 MP: 4/4
   824 | D:2      | You add the spells Blink, Manifold Assault and Storm Form
                  | to your library.
  1221 | D:2      | You pick up a book of Blood and begin reading...
  1221 | D:2      | You add the spells Sublimation of Blood, Wereblood and
                  | Summon Hydra to your library.
  1254 | D:2      | Reached skill level 4 in Short Blades
  1843 | D:2      | Gained mutation: Your natural rate of healing is unusually
                  | fast. [Vine Stalker growth]
  1843 | D:2      | Reached XP level 4. HP: 19/23 MP: 3/5
  2291 | D:3      | Reached skill level 5 in Short Blades
  2300 | D:3      | Reached XP level 5. HP: 14/26 MP: 6/6
  2925 | D:3      | Found a hazy altar of Hepliaklqana.
  3321 | D:4      | Reached XP level 6. HP: 14/30 MP: 4/7
  3323 | D:4      | Reached skill level 6 in Short Blades
  3404 | D:4      | HP: 1/30 [gnoll/+0 halberd (11)]
  3409 | D:4      | Slain by an ufetubus

Vanquished Creatures
  An orc wizard (D:4)
  7 gnolls
  9 adders
  2 worms
  2 dart slugs
  5 orcs
  7 ball pythons
  6 bats
  3 endoplasms
  A giant cockroach (D:1)
  6 goblins
  7 hobgoblins
  4 jackals
  8 kobolds
  3 quokkas
  3 frilled lizards
  7 rats
81 creatures vanquished.

Vanquished Creatures (others)
  A plant (D:3)
1 creature vanquished.

Grand Total: 82 creatures vanquished

Table legend:
 A = Non-vault XP
 B = Vault XP
 C = Vault XP percentage of total XP
 D = Non-vault monster count
 E = Vault monster count
 F = Vault count percentage of total count
                 A         B        C        D         E       F
            +---------+---------+-------+---------+---------+-------
      Total |     273 |     101 |  27.0 |      65 |      16 |  19.8
            +---------+---------+-------+---------+---------+-------
        D:1 |      32 |       2 |   5.9 |      20 |       1 |   4.8
        D:2 |     111 |       0 |   0.0 |      25 |       0 |   0.0
        D:3 |      43 |      99 |  69.7 |      12 |      15 |  55.6
        D:4 |      87 |       0 |   0.0 |       8 |       0 |   0.0
            +---------+---------+-------+---------+---------+-------

Illustrated notes

Table legend:
 A = Kills in this place as a percentage of kills in entire the game.
 B = Kills by you in this place as a percentage of kills by you in the entire game.
 C = Kills by friends in this place as a percentage of kills by friends in the entire game.
 D = Other kills in this place as a percentage of other kills in the entire game.
 E = Experience gained in this place as a percentage of experience gained in the entire game.
 F = Experience gained in this place divided by the number of levels of this place that you have seen.
                   A       B       C       D       E      F
               +-------+-------+-------+-------+-------+----------------------
         Total | 100.0 | 100.0 |   N/A |   N/A | 100.0 |  93.5
       Dungeon | 100.0 | 100.0 |   N/A |   N/A | 100.0 |  93.5
               +-------+-------+-------+-------+-------+----------------------

Table legend: (Time is in decaauts)
 A = Elapsed time spent in this place.
 B = Non-inter-level travel time spent in this place.
 C = Inter-level travel time spent in this place.
 D = Time resting spent in this place.
 E = Time spent auto-exploring this place.
 F = Levels seen in this place.
 G = Mean time per level.
                   A        B        C        D        E       F      G
               +--------+--------+--------+--------+--------+-----+--------+
         Total |   3400 |   3292 |    108 |    195 |   2593 |   4 |  850.0 |
       Dungeon |   3400 |   3292 |    108 |    195 |   2593 |   4 |  850.0 |
               +--------+--------+--------+--------+--------+-----+--------+

Top non-repeatable levels by time:
     D:2: 1287 daAuts
     D:3: 1079 daAuts
     D:1: 879 daAuts
     D:4: 154 daAuts
